Map: Romanticide EC

Players

Sweetzy

  • Race: Terran Terran
  • League: Grandmaster
  • Spawn Location: 11:00

Linley - Winner!

  • Race: Protoss Protoss
  • League: Grandmaster
  • Spawn Location: 5:00

VOD

Have the link to the VOD?

Description

Time

  • Played on: Oct. 21, 2020, 11:30 a.m.
  • Length: 8:43
Show
View Real Time Build Order
Export as new Build Order

Sweetzy Terran 

Build Orders: Liberator Opening, Reaper Expand 

Get SALT Encoding   

  12  0:00  SCV  
  13  0:12  SCV  
  14  0:17  Supply Depot  
  14  0:24  SCV  
  15  0:38  SCV  
  15  0:40  Barracks  
  16  0:42  Refinery  
  16  0:51  SCV  
  17  1:03  SCV  
  18  1:15  SCV  
  19  1:31  Reaper, Orbital Command  
  20  1:47  Command Center  
  20  1:57  SCV  
  21  2:02  Supply Depot, Bunker  
  21  2:05  Marine  
  22  2:09  SCV  
  23  2:23  SCV  
  23  2:24  Refinery  
  23  2:25  Factory  
  24  2:37  SCV  
  24  2:47  Barracks Reactor  
  24  2:49  SCV  
  25  3:00  Orbital Command  
  25  3:01  SCV  
  26  3:12  Hellion  
  27  3:13  SCV  
  27  3:14  Starport  
  28  3:25  Command Center  
  28  3:26  SCV x2  
  30  3:33  Widow Mine  
  32  3:34  Marine  
  32  3:36  Marine  
  32  3:38  SCV x2  
  35  3:50  SCV  
  35  3:52  Marine  
  35  3:53  SCV  
  35  3:54  Marine  
  39  4:02  SCV, Widow Mine  
  41  4:05  Liberator  
  41  4:09  Orbital Command  
  44  4:10  Marine  
  44  4:11  Marine  
  46  4:24  SCV  
  46  4:30  Marine  
  46  4:31  Marine  
  46  4:37  SCV  
  47  4:38  Supply Depot, Orbital Command  
  47  4:40  SCV  
  48  4:46  Factory Tech Lab  
  48  4:47  Marine  
  48  4:48  Medivac  
  48  4:49  SCV, Marine  
  48  4:52  SCV  
  54  5:01  SCV  
  54  5:04  SCV  
  54  5:05  Marine  
  57  5:09  Barracks, Siege Tank  
  57  5:10  SCV, Barracks  
  57  5:13  SCV  
  62  5:16  SCV  
  62  5:18  Refinery  
  62  5:20  Refinery  
  63  5:22  SCV  
  63  5:25  SCV  
  63  5:26  Engineering Bay  
  63  5:27  Engineering Bay  
  65  5:28  SCV  
  65  5:29  Marine x2  
  65  5:34  SCV  
  66  5:38  SCV  
  66  5:40  SCV  
  68  5:46  SCV  
  69  5:51  Supply Depot  
  69  5:52  Factory Reactor  
  69  5:54  Supply Depot  
  69  6:02  SCV  
  69  6:05  SCV, Terran Infantry Weapons Level 1, Orbital Command, Marine, Terran Infantry Armor Level 1  
  69  6:08  Marine, Barracks  
  69  6:09  Barracks  
  69  6:14  SCV, Supply Depot  
  69  6:17  SCV, Barracks Tech Lab  
  69  6:23  Marine  
  69  6:25  Starport Reactor  
  70  6:26  SCV, Marine  
  70  6:29  SCV, Widow Mine  
  70  6:30  Stimpack, Widow Mine  
  70  6:32  Marauder  
  79  6:34  SCV  
  79  6:36  Supply Depot  
  79  6:38  SCV, Marauder  
  79  6:39  Combat Shield  
  83  6:40  Marine  
  83  6:41  SCV  
  83  6:46  SCV  
  86  6:50  SCV  
  86  6:51  Refinery  
  86  6:52  Refinery  
  86  6:53  SCV, Marauder  
  90  6:55  Armory, Supply Depot  
  90  6:58  Supply Depot, Barracks Tech Lab  
  90  6:59  Barracks Reactor  
  90  7:01  Marauder  
  92  7:02  Marine  
  92  7:03  Marine  
  92  7:04  SCV  
  92  7:07  Widow Mine x2  
  99  7:09  Medivac  
  99  7:15  SCV x2  
  103  7:16  SCV  
  103  7:18  Concussive Shells, Supply Depot  
  103  7:21  Marauder x2  
  103  7:22  Marine  
  108  7:23  Supply Depot, Marine  
  108  7:26  Marauder  
  108  7:27  Medivac  
  114  7:33  Widow Mine  
  114  7:34  Widow Mine  
  114  7:36  Supply Depot, Marine x2  
  120  7:39  SCV x2, Medivac  
  120  7:40  Marine  
  120  7:43  Marauder  
  127  7:44  Marine  
  127  7:45  Marauder  
  127  7:48  Marine  
  115  7:54  Marine x2  
  115  7:58  SCV, Marine  
  99  8:01  SCV  
  99  8:02  SCV  
  99  8:04  Marauder  
  94  8:05  Marine  
  94  8:06  Marauder  
  94  8:10  SCV  
  91  8:13  Marauder, Marine  
  91  8:16  Marine x2  
  83  8:20  SCV  
  83  8:21  SCV  
  83  8:23  Marine  
Show
View Real Time Build Order
Export as new Build Order

Linley Protoss - Winner!

Build Orders: 1 Gate Expand, Blink Stalkers, Colossus Rush 

Get SALT Encoding   

  12  0:00  Probe  
  13  0:12  Probe  
  14  0:16  Pylon  
  14  0:25  Probe (Chrono Boost)  
  15  0:37  Probe (Chrono Boost)  
  15  0:38  Gateway  
  16  0:44  Probe (Chrono Boost)  
  16  0:46  Assimilator  
  17  0:51  Probe  
  18  1:03  Probe  
  19  1:15  Probe  
  20  1:25  Cybernetics Core  
  20  1:34  Nexus  
  20  1:38  Pylon  
  20  1:40  Probe  
  21  1:51  Assimilator  
  21  1:52  Probe  
  22  1:58  Adept (Chrono Boost)  
  22  2:07  Shield Battery, Warp Gate  
  24  2:08  Probe  
  25  2:21  Probe, Stalker  
  28  2:31  Shield Battery  
  28  2:36  Probe (Chrono Boost)  
  29  2:44  Twilight Council  
  29  2:48  Probe x2 (Chrono Boost)  
  31  2:56  Probe x2 (Chrono Boost)  
  31  2:57  Robotics Facility  
  33  3:04  Probe (Chrono Boost)  
  35  3:06  Probe (Chrono Boost)  
  35  3:16  Probe (Chrono Boost)  
  37  3:20  Probe (Chrono Boost)  
  37  3:21  Probe (Chrono Boost), Blink (Chrono Boost)  
  38  3:28  Probe  
  38  3:30  Probe  
  40  3:36  Gateway  
  40  3:40  Probe  
  41  3:42  Probe  
  42  3:51  Pylon  
  42  3:52  Probe  
  42  3:54  Probe  
  44  4:04  Probe, Pylon  
  44  4:05  Observer  
  44  4:09  Probe  
  47  4:11  Assimilator  
  47  4:13  Assimilator  
  47  4:16  Probe  
  48  4:28  Probe  
  48  4:29  Probe  
  50  4:35  Nexus  
  50  4:38  Gateway  
  50  4:39  Gateway  
  50  4:40  Probe, Observer  
  50  4:41  Probe  
  50  4:42  Robotics Bay  
  50  4:44  Stalker  
  50  4:45  Stalker  
  57  4:52  Pylon  
  57  4:57  Probe x2  
  59  5:09  Probe x2  
  61  5:14  Pylon  
  61  5:15  Stalker x2  
  61  5:17  Forge  
  66  5:21  Probe x2  
  66  5:28  Charge  
  67  5:32  Colossus (Chrono Boost)  
  67  5:33  Probe x2  
  74  5:38  Pylon  
  74  5:45  Probe  
  74  5:46  Probe  
  76  5:51  Protoss Ground Weapons Level 1  
  76  5:54  Extended Thermal Lance  
  76  5:57  Probe  
  76  5:58  Probe  
  75  6:05  Stalker x2  
  75  6:06  Stalker  
  75  6:09  Probe  
  75  6:10  Probe  
  83  6:16  Probe  
  84  6:21  Probe, Sentry  
  84  6:22  Probe  
  84  6:25  Pylon  
  88  6:28  Gateway  
  88  6:29  Gateway  
  90  6:33  Warp Prism (Chrono Boost)  
  90  6:34  Probe  
  90  6:38  Gateway  
  91  6:41  Gateway  
  91  6:43  Assimilator, Gateway  
  91  6:44  Assimilator  
  91  6:46  Templar Archives  
  91  6:49  Zealot  
  91  6:53  Zealot x2  
  97  6:57  Pylon  
  97  7:01  Zealot  
  97  7:04  Pylon  
  99  7:18  Pylon  
  99  7:19  Pylon  
  99  7:27  Zealot x5  
  99  7:28  Zealot  
  109  7:49  Zealot x4  
  109  7:50  Zealot x5  
  115  7:54  Colossus (Chrono Boost)  
  113  8:00  Nexus  
  101  8:15  Zealot x6  
  107  8:26  Pylon  
  101  8:28  Zealot x3  
  103  8:37  Zealot x3  
Tags
 
Add a new tag
Caveats
  • Supply blocks, unpowered buildings, or Contaminate may cause inaccurate times.
  • Supply counts are checked every 10 seconds.